 Dungeon Crawl Stone Soup version 0.18-a0-211-gcfb53b4 (webtiles) character file.

24 Duffy the Sneak (level 3, 0/28 HPs)
             Began as a Naga Enchanter on Nov 24, 2015.
             Slain by a goblin
             ... wielding a +0 club
              (4 damage)
             ... on level 2 of the Dungeon.
             The game lasted 00:02:23 (1005 turns).

Duffy the Sneak (Naga Enchanter)                    Turns: 1005, Time: 00:02:23

Health: 0/28       AC:  3    Str: 10    XL:     3   Next: 2%
Magic:  6/6        EV: 10    Int: 15    God:
Gold:   37         SH:  0    Dex: 12    Spells: 1 memorised, 5 levels left

rFire  . . .     SeeInvis +     a - +1 dagger
rCold  . . .     Clarity  .     b - +1 robe
rNeg   . . .     SustAt   .     (no shield)
rPois  +         Gourm    .     (no helmet)
rElec  .         Spirit   .     (no cloak)
rCorr  .         Warding  .     (no gloves)
rMut   .         Stasis   .     (no barding)
MR     .....                    (no amulet)
Stlth  +++.......               (no ring)
                                (no ring)

@: short of breath, very slow, not resistant to hostile enchantments, fairly
stealthy
A: see invisible, deformed body, poison resistance, slowness 2, slow metabolism
1, spit poison 2, AC +1
a: Spit Poison


You were on level 2 of the Dungeon.
You were not hungry.

You visited 1 branch of the dungeon, and saw 2 of its levels.

You collected 37 gold pieces.


Innate Abilities, Weirdness & Mutations

You cannot wear boots.
Your serpentine skin is tough (AC +1).
You have supernaturally acute eyesight.
Armour fits poorly on your strangely shaped body.
Your system is resistant to poisons.
You cover ground very slowly.
You have a slow metabolism.
You can spit poison.


   Skills:
 - Level 2.0 Short Blades
 - Level 1.5 Dodging
 - Level 5.0 Stealth
 - Level 2.0 Spellcasting
 + Level 3.3 Hexes


You had 5 spell levels left.
You knew the following spells:

 Your Spells              Type           Power        Failure   Level  Hunger
r - Corona                Hex            ##.....      8%          1    #......

Inventory:

Hand Weapons
 a - a +1 dagger (weapon)
Missiles
 i - 11 poisoned needles
 l - 6 tomahawks (quivered)
Armour
 b - a +1 robe (worn)
Scrolls
 e - a scroll of teleportation {unknown}
 g - a scroll of remove curse {unknown}
 h - a scroll of identify {unknown}
 o - a scroll of enchant weapon {unknown}
 q - a scroll of amnesia {unknown}
Potions
 f - 3 potions of curing {unknown}
 j - a potion of invisibility {unknown}
 m - a potion of resistance {unknown}
Books
 c - a book of Maledictions
Comestibles
 d - a bread ration
 k - a meat ration
 n - a slice of pizza
 p - 2 chunks of flesh

Dungeon Overview and Level Annotations

Branches:
Dungeon (2/15)

Altars:


Message History

You closely miss the hobgoblin.
The hobgoblin is almost dead.
The goblin hits you with a club.
You are too injured to fight recklessly!
You are too injured to fight recklessly!
You are too injured to fight recklessly!
You are too injured to fight recklessly!
You are too injured to fight recklessly!
You are too injured to fight recklessly!
You are too injured to fight recklessly!
You are too injured to fight recklessly!
You are too injured to fight recklessly!
You are too injured to fight recklessly!
You are too injured to fight recklessly!
You are too injured to fight recklessly!
You are too injured to fight recklessly!
Press: ? - help, Shift-Dir - straight line, f/p - hobgoblin
Aim: a hobgoblin, wielding a club (almost dead)
The splash of poison misses the hobgoblin.
You feel slightly more hungry. The hobgoblin hits you with a club.
The goblin hits you with a club.
You hit the hobgoblin.
You kill the hobgoblin!
You have reached level 3!
Your experience leads to an increase in your attributes!
Increase (S)trength, (I)ntelligence, or (D)exterity?
You feel agile.
Your skin feels tougher.
The goblin misses you.
You have got your breath back.
Press: ? - help, Shift-Dir - straight line, f - goblin
Aim: a goblin, wielding a club The splash of poison hits the goblin.
The goblin is poisoned.
The goblin is severely wounded.
You feel slightly more hungry. The goblin hits you with a club.
You die...

#..........# .#
#.......[..## .
#...........# #.
#.##.............##.
#...%..<......##.....
###......###### ###
######.....###...
#.............#
#....@g..).######
#...#####.......#
##### ####.##..# ...
##g.# #.g# #..# #..
#.


You could see a goblin.

Action                   || total
-------------------------++-------
Melee: Dagger            ||    19
 Abil: Spit Poison       ||    29
  Eat: Chunk             ||     1

Notes
Turn   | Place    | Note
--------------------------------------------------------------
     0 | D:1      | Duffy the Naga Enchanter began the quest for the Orb.
     0 | D:1      | Reached XP level 1. HP: 15/15 MP: 3/3
   164 | D:1      | Reached XP level 2. HP: 20/22 MP: 5/5
   492 | D:1      | Reached skill level 5 in Stealth
   773 | D:1      | Reached skill level 2 in Short Blades
  1001 | D:2      | Reached XP level 3. HP: 3/28 MP: 6/6
  1005 | D:2      | Slain by a goblin

Vault maps used:
D:1:      dpeg_arrival_boxes_within_box
D:2:      nicolae_overflow_hidden_temple

Vanquished Creatures
  A worm
  5 bats
  2 goblins
  2 hobgoblins
  2 jackals
  4 kobolds
  4 rats
20 creatures vanquished.
